Map: 暮色之塔

Players

Miezekotze

  • Race: Zerg Zerg
  • League: Master

Inkrusion - Winner!

  • Race: Protoss Protoss
  • League: Master

VOD

Have the link to the VOD?

Description

Time

  • Played on: Jan. 28, 2016, 2:28 p.m.
  • Length: 15:35
Show
View Real Time Build Order
Export as new Build Order

Miezekotze Zerg 

Build Orders: Hatch First, Lurkers 

Get SALT Encoding   

  12  0:01  Drone  
  13  0:12  Overlord  
  13  0:19  Drone  
  14  0:30  Drone x2  
  14  0:34  Drone  
  17  0:53  Hatchery  
  17  0:56  Drone  
  17  1:00  Drone, Extractor  
  17  1:15  Spawning Pool  
  17  1:17  Drone  
  17  1:21  Drone  
  18  1:27  Drone  
  19  1:39  Overlord  
  19  2:02  Queen  
  19  2:03  Metabolic Boost  
  19  2:07  Queen  
  23  2:10  Zergling x2  
  23  2:13  Zergling x2  
  23  2:14  Drone x2  
  27  2:17  Drone  
  28  2:24  Drone  
  29  2:33  Drone  
  29  2:35  Drone  
  31  2:39  Drone  
  32  2:49  Drone  
  32  2:50  Drone  
  34  2:51  Roach Warren  
  34  2:54  Lair  
  34  2:56  Drone  
  34  2:57  Extractor  
  33  3:01  Drone  
  34  3:07  Extractor  
  34  3:08  Overlord  
  34  3:12  Zergling x4  
  35  3:14  Drone  
  35  3:17  Overlord  
  36  3:29  Drone x3  
  36  3:30  Drone x2  
  41  3:36  Drone  
  42  3:44  Drone x4  
  45  3:51  Overlord  
  45  3:54  Drone x2, Hydralisk Den  
  46  3:57  Overlord  
  46  4:12  Zergling x6  
  49  4:24  Lurker Den  
  48  4:26  Hatchery, Hydralisk  
  48  4:27  Hydralisk  
  51  4:33  Hydralisk  
  51  4:34  Hydralisk  
  55  4:38  Hydralisk  
  55  4:41  Hydralisk  
  59  4:45  Overlord  
  57  5:06  Spore Crawler  
  56  5:07  Drone x2, Spore Crawler  
  56  5:08  Drone x3  
  60  5:15  Zergling x4  
  60  5:16  Drone  
  60  5:17  Drone  
  60  5:18  Hydralisk  
  66  5:21  Hydralisk  
  68  5:29  Overseer  
  68  5:31  Hydralisk x2  
  72  5:43  Overlord  
  72  5:46  Queen  
  74  5:52  Lurker x2  
  74  5:53  Lurker  
  74  5:56  Spore Crawler, Zergling x2  
  74  5:57  Zergling x8  
  80  6:08  Drone  
  80  6:09  Overlord  
  81  6:11  Overlord x2  
  81  6:19  Muscular Augments  
  81  6:21  Overlord  
  81  6:33  Zergling x12  
  81  6:38  Hydralisk x2  
  81  6:39  Hydralisk  
  93  6:45  Zergling x4  
  84  6:48  Pneumatized Carapace  
  84  6:51  Zergling x4  
  76  6:57  Zergling x12  
  76  7:00  Zergling x4  
  75  7:05  Zergling x6  
  78  7:10  Zergling x4  
  78  7:14  Hydralisk  
  80  7:19  Hydralisk  
  80  7:21  Hydralisk  
  81  7:27  Drone  
  81  7:28  Extractor  
  76  7:30  Hydralisk  
  76  7:33  Hydralisk  
  76  7:35  Hydralisk  
  79  7:41  Hydralisk  
  79  7:43  Hydralisk  
  78  7:44  Zergling x8  
  78  7:46  Zergling x2  
  78  7:47  Zergling x2  
  78  7:50  Zergling x2  
  80  7:54  Zergling x2  
  80  7:55  Zergling x4  
  80  7:56  Drone  
  80  7:57  Drone  
  82  8:01  Zergling x2  
  78  8:07  Drone x2  
  78  8:12  Spire  
  79  8:13  Zergling x2  
  80  8:21  Hydralisk, Zergling x4  
  81  8:28  Roach x2  
  81  8:31  Roach  
  81  8:34  Roach x3  
  93  8:37  Hydralisk  
  93  8:38  Zergling x2  
  95  8:44  Roach x2  
  95  8:45  Roach  
  95  8:48  Roach  
  89  8:51  Roach  
  89  8:53  Roach  
  87  8:56  Roach  
  87  9:00  Roach x2  
  88  9:08  Lurker  
  87  9:16  Lurker  
  88  9:20  Drone x7  
  88  9:23  Extractor  
  94  9:26  Drone  
  94  9:27  Drone x2  
  94  9:28  Drone x3  
  94  9:29  Drone, Extractor  
  100  9:31  Roach  
  100  9:34  Overseer  
  102  9:40  Roach x2  
  102  9:44  Overlord  
  106  9:45  Overlord  
  106  9:49  Glial Reconstitution  
  106  9:59  Overlord  
  103  10:02  Roach  
  103  10:05  Roach x3  
  103  10:06  Roach x2  
  114  10:08  Roach, Zergling x2  
  114  10:09  Zergling x2  
  114  10:12  Roach  
  118  10:21  Roach x4  
  116  10:22  Zergling x4  
  116  10:25  Roach  
  116  10:29  Roach x2  
  116  10:35  Roach x3  
  126  10:40  Ravager x3  
  126  10:41  Ravager  
  126  10:42  Overlord x2  
  130  10:58  Evolution Chamber  
  130  10:59  Overlord  
  130  11:00  Evolution Chamber  
  121  11:04  Roach x3  
  121  11:08  Roach  
  118  11:11  Roach x2  
  118  11:13  Hatchery  
  118  11:16  Roach x2  
  116  11:19  Roach, Zergling x2  
  116  11:22  Roach  
  116  11:23  Zergling x2  
  114  11:27  Roach, Zergling x2  
  114  11:29  Zergling x2  
  114  11:30  Zergling x2  
  109  11:33  Zergling x4  
  109  11:37  Zergling x6  
  100  11:54  Mutalisk x5  
  100  11:57  Mutalisk  
  112  12:03  Mutalisk  
  112  12:04  Mutalisk  
  116  12:15  Roach x3  
  119  12:20  Roach x2  
  119  12:21  Roach  
  121  12:33  Zerg Missile Weapons Level 1  
  121  12:38  Drone x4, Infestation Pit  
  121  12:40  Drone  
  121  12:41  Drone x2, Extractor  
  126  12:46  Roach x2  
  126  12:50  Roach x2  
  117  12:56  Hydralisk x2  
  121  13:03  Hydralisk x2  
  125  13:09  Hydralisk x2  
  129  13:18  Hydralisk x2  
  129  13:19  Hydralisk  
  133  13:30  Hydralisk x5  
  137  13:34  Hydralisk  
  133  13:42  Hydralisk  
  133  13:43  Hydralisk x2  
  135  13:48  Hydralisk  
  135  13:49  Hydralisk x2  
  135  13:54  Lurker x3  
  135  13:55  Lurker  
  145  13:57  Lurker  
  146  14:06  Hive  
  146  14:09  Drone x3  
  149  14:14  Overseer x2  
  148  14:17  Zergling x12  
  153  14:29  Hydralisk x4  
  153  14:30  Hydralisk  
  136  14:36  Zergling x8  
  140  14:41  Zergling x8  
  140  14:44  Zergling x6  
  130  14:51  Hydralisk x2, Zergling x2  
  123  14:56  Hydralisk x2  
  114  15:04  Hydralisk x2, Zergling x4  
  114  15:07  Hydralisk  
  102  15:20  Lurker x2  
Show
View Real Time Build Order
Export as new Build Order

Inkrusion Protoss - Winner!

Build Orders: Nexus First, Oracle Opening 

Get SALT Encoding   

  12  0:01  Probe (Chrono Boost)  
  13  0:11  Probe (Chrono Boost)  
  14  0:17  Pylon  
  14  0:22  Probe (Chrono Boost)  
  16  0:35  Probe (Chrono Boost)  
  16  0:46  Probe (Chrono Boost)  
  17  1:02  Nexus  
  17  1:11  Gateway  
  17  1:16  Probe (Chrono Boost)  
  18  1:20  Assimilator  
  18  1:26  Probe (Chrono Boost)  
  18  1:29  Assimilator  
  19  1:37  Probe (Chrono Boost)  
  20  1:41  Gateway  
  20  1:48  Probe (Chrono Boost)  
  21  1:58  Probe (Chrono Boost)  
  21  2:01  Cybernetics Core  
  22  2:09  Probe (Chrono Boost)  
  22  2:14  Probe (Chrono Boost)  
  24  2:23  Probe (Chrono Boost)  
  24  2:25  Probe (Chrono Boost)  
  26  2:34  Probe (Chrono Boost)  
  27  2:37  Adept x2 (Chrono Boost)  
  27  2:38  Warp Gate  
  31  2:45  Mothership Core (Chrono Boost)  
  31  2:48  Pylon  
  32  2:57  Probe (Chrono Boost)  
  33  3:10  Stargate  
  33  3:11  Adept x2  
  38  3:12  Probe (Chrono Boost)  
  38  3:15  Probe (Chrono Boost)  
  39  3:23  Probe (Chrono Boost)  
  39  3:25  Probe (Chrono Boost)  
  41  3:27  Pylon  
  41  3:34  Probe (Chrono Boost)  
  42  3:36  Probe (Chrono Boost)  
  43  3:44  Probe (Chrono Boost)  
  43  3:48  Probe (Chrono Boost)  
  45  3:52  Oracle (Chrono Boost)  
  45  3:55  Probe (Chrono Boost)  
  49  3:57  Assimilator  
  49  3:58  Probe (Chrono Boost)  
  50  4:05  Probe (Chrono Boost)  
  50  4:08  Stargate  
  51  4:10  Probe  
  51  4:14  Pylon  
  51  4:16  Probe  
  53  4:24  Nexus  
  53  4:32  Probe  
  53  4:33  Probe, Phoenix (Chrono Boost)  
  57  4:40  Pylon  
  57  4:43  Probe  
  57  4:45  Adept x2  
  62  4:53  Assimilator  
  62  4:54  Pylon  
  62  4:58  Probe  
  63  5:04  Robotics Facility  
  63  5:09  Phoenix (Chrono Boost)  
  63  5:12  Probe  
  66  5:14  Probe  
  67  5:23  Probe  
  67  5:24  Gateway x2, Adept, Pylon  
  67  5:26  Sentry  
  72  5:35  Probe  
  72  5:36  Probe  
  72  5:37  Probe  
  75  5:43  Phoenix (Chrono Boost)  
  75  5:46  Probe  
  78  5:51  Robotics Bay  
  78  5:53  Observer  
  79  6:00  Probe x2  
  79  6:01  Probe  
  82  6:04  Adept x2  
  82  6:07  Gateway  
  82  6:09  Gateway  
  86  6:11  Probe x2  
  86  6:14  Pylon  
  88  6:28  Probe  
  89  6:38  Adept x4  
  73  7:02  Zealot x2  
  73  7:03  Zealot x2  
  73  7:04  Disruptor (Chrono Boost)  
  73  7:07  Adept x2  
  80  7:25  Robotics Facility  
  78  7:30  Adept  
  78  7:31  Adept x3  
  80  7:38  Immortal (Chrono Boost)  
  80  7:45  Adept x2  
  80  7:52  Adept x4  
  80  7:53  Probe  
  80  7:57  Gateway  
  80  8:11  Observer (Chrono Boost)  
  80  8:15  Adept x3  
  80  8:16  Probe, Adept x3  
  80  8:17  Probe  
  80  8:18  Probe  
  95  8:20  Gateway  
  95  8:21  Gateway  
  95  8:23  Gateway  
  95  8:27  Probe  
  96  8:36  Twilight Council  
  96  8:38  Pylon  
  96  8:40  Probe  
  96  8:41  Probe  
  93  8:44  Adept  
  93  8:45  Probe  
  83  8:49  Mothership Core  
  69  8:55  Disruptor (Chrono Boost)  
  69  9:02  Adept x2  
  67  9:07  Adept x2  
  67  9:08  Probe  
  67  9:09  Probe  
  72  9:10  Probe  
  75  9:19  Probe, Resonating Glaives (Chrono Boost)  
  75  9:21  Probe  
  75  9:23  Adept x5  
  87  9:26  Phoenix x2  
  87  9:29  Probe, Disruptor  
  92  9:34  Probe  
  92  9:36  Probe  
  97  9:38  Pylon  
  97  9:42  Probe, Pylon  
  97  9:45  Probe  
  98  9:48  Probe  
  98  9:51  Pylon  
  100  9:58  Forge  
  100  10:01  Probe x2  
  100  10:03  Disruptor  
  101  10:22  Probe x2  
  101  10:26  Robotics Facility  
  101  10:27  Stalker x3  
  101  10:28  Stalker x4  
  107  10:29  Pylon  
  107  10:31  Pylon  
  107  10:34  Immortal  
  107  10:35  Protoss Ground Weapons Level 1 (Chrono Boost)  
  96  10:37  Assimilator  
  96  10:41  Assimilator  
  98  10:48  Blink (Chrono Boost)  
  98  10:54  Adept x2  
  98  10:55  Adept x3  
  108  11:08  Immortal  
  94  11:25  Stalker x2  
  94  11:26  Stalker x2  
  96  11:37  Stalker  
  92  11:41  Disruptor (Chrono Boost)  
  92  11:45  Disruptor (Chrono Boost)  
  95  11:48  Stalker x4  
  95  11:49  Probe  
  107  11:59  Nexus  
  107  12:01  Pylon  
  107  12:03  Pylon  
  107  12:06  Pylon  
  107  12:07  Pylon  
  107  12:11  Adept x2  
  107  12:12  Adept x2  
  115  12:18  Disruptor (Chrono Boost)  
  116  12:26  Gateway  
  116  12:29  Warp Prism (Chrono Boost)  
  118  12:30  Adept x3  
  118  12:31  Adept x2  
  118  12:33  Stalker x2  
  132  12:39  Gateway  
  128  12:57  Phoenix x2 (Chrono Boost)  
  131  13:00  Stalker x2  
  126  13:15  Stalker x2  
  126  13:16  Stalker  
  126  13:19  Phoenix (Chrono Boost)  
  131  13:35  Adept x4  
  139  13:46  Disruptor  
  134  13:48  Probe  
  134  13:50  Probe  
  136  14:02  Immortal  
  138  14:17  Stalker x3  
  138  14:22  Disruptor  
  137  14:58  Stalker x3  
  137  14:59  Stalker x4  
  143  15:14  Probe  
  137  15:29  Nexus  
Tags
 
Add a new tag
Caveats
  • Supply blocks, unpowered buildings, or Contaminate may cause inaccurate times.
  • Supply counts are checked every 10 seconds.